 Dungeon Crawl Stone Soup version 0.31-a0-145-g046c7d2549 (webtiles) character file.

Game seed: 12855567357037803976

61 Kenran the Slasher (level 4, -10/52 HPs)
             Began as a Human Berserker on June 4, 2023.
             Was a Follower of Trog.
             Mangled by Sigmund
             ... wielding a +0 scythe
              (12 damage)
             ... on level 2 of the Dungeon.
             The game lasted 00:01:47 (1566 turns).

Kenran the Slasher (Human Berserker)                Turns: 1566, Time: 00:01:47

Health: -10/52     AC:  2    Str: 18    XL:     4   Next: 27%
Magic:  4/4        EV: 12    Int:  7    God:    Trog [*.....]
Gold:   111        SH:  0    Dex: 14    Spells: 3/3 levels left

rFire   . . .        a - +0 falchion
rCold   . . .        (no shield)
rNeg    . . .        b - +0 animal skin
rPois   .            (no helmet)
rElec   .            (no cloak)
rCorr   .            (no gloves)
SInv    .            (no boots)
Will    .....        (no amulet) Stlth
                     (no ring)
HPRegen 0.28/turn    (no ring)
MPRegen 0.09/turn

%: no passive effects
@: berserking, very quick
A: no striking features
a: Renounce Religion, Berserk


You were on level 2 of the Dungeon.
You worshipped Trog.
Trog was aware of your devotion.
You visited 1 branch of the dungeon, and saw 2 of its levels.

You collected 111 gold pieces.

Inventory:

Hand Weapons
 a - a +0 falchion (weapon)
Armour
 b - a +0 animal skin (worn)
Scrolls
 c - a scroll of teleportation {unknown}
 d - a scroll of enchant weapon {unknown}
 g - 3 scrolls of identify {unknown}
 h - a scroll of immolation {unknown}
Potions
 e - a potion of ambrosia {unknown}
 f - a potion of attraction {unknown}
 i - a potion of might {unknown}
 j - 3 potions of heal wounds {unknown}


   Skills:
 - Level 3.0 Fighting
 + Level 4.8 Long Blades
 - Level 2.0 Armour
 - Level 2.0 Dodging


You had 3 spell levels left.
You didn't know any spells.
Your spell library was empty.

Dungeon Overview and Level Annotations

Branches:
Dungeon (2/15)

Altars:

Annotations:
D:2 Sigmund


Message History

The adder poisons you!
You hit the adder.
You kill the adder!
Trog accepts your kill.
You feel sick.
No target in view!
No target in view!
You feel sick.
You see here an adder corpse.
You feel sick.
You feel sick.
j - 3 puce potions (gained 1)
You feel sick.
You feel sick.
You feel sick.
You are no longer poisoned.
You start resting.
HP restored.
Sigmund the Dreaded comes into view.
He is wielding a +0 scythe.
Sigmund shouts!
Sigmund gestures at you while chanting.
You are confused.
You bump into the rock wall.
Sigmund mumbles some strange words.
Sigmund flickers and vanishes!
Deactivating autopickup; reactivate with Ctrl-A.
A puff of flame appears from out of thin air!
The puff of flame hits you.
You feel less confused. Something hits you! Something hits you.
A red film seems to cover your vision as you go berserk!
You feel yourself moving faster!
You feel mighty! Something hits you!
* * * LOW HITPOINT WARNING * * *
You slash something! You slash something! Something hits you!
* * * LOW HITPOINT WARNING * * *
You miss something. You completely miss something. Something hits you!
You die...

#. #..# #..## #.##
#.#..###.... #..#
#.#......... #.#
#.##........ #.#
#.#######.## #.#
#.# #.## #.# ###.#
#.##
#{###.#.#######.##
#@##.#.†..........
#.....############
#######


There were no monsters in sight!

Vanquished Creatures
  3 adders
  A worm (D:2)
  2 dart slugs
  4 bats
  3 endoplasms
  A goblin (D:1)
  6 hobgoblins
  A kobold (D:1)
  A quokka (D:1)
  2 ball pythons (D:1)
  A frilled lizard (D:1)
25 creatures vanquished.

Notes
Turn   | Place    | Note
-------+----------+-------------------------------------------
     0 | D:1      | Kenran the Human Berserker began the quest for the Orb.
     0 | D:1      | Reached XP level 1. HP: 18/18 MP: 1/1
   317 | D:1      | Reached XP level 2. HP: 24/24 MP: 2/2
   378 | D:1      | Found a faded altar of an unknown god.
  1018 | D:1      | Reached skill level 4 in Long Blades
  1018 | D:1      | Reached XP level 3. HP: 10/29 MP: 3/3
  1386 | D:2      | Reached XP level 4. HP: 25/35 MP: 4/4
  1546 | D:2      | Noticed Sigmund
  1564 | D:2      | HP: 2/52 [something (12)]
  1566 | D:2      | Mangled by Sigmund

Illustrated notes

Levels and vault maps discovered:
D:1:      onia_arrival_mini_spirals, layout_basic,
          hellmonk_ecumenical_altar_defaced_shrine
D:2:      layout_loops_ring, uniq_sigmund

Skill      XL: |  1  2 |
---------------+-------+-----
Long Blades    | 4 |  4.8
Fighting       | |  3.0
Armour         | |  2.0
Dodging        | |  2.0

Action                     |  1- 3 |  4- 6 || total
---------------------------+-------+-------++-------
  Melee: Falchion          |    98 |     7 ||   105
 Invoke: Berserk           |       |     1 ||     1
   Stab: Sleeping          |     1 |       ||     1
 Armour: Animal skin       |    21 |       ||    21
  Dodge: Dodged            |    79 |     2 ||    81

Table legend: (Time is in decaauts)
 A = Elapsed time spent in this place.
 B = Non-inter-level travel time spent in this place.
 C = Inter-level travel time spent in this place.
 D = Time resting spent in this place.
 E = Time spent auto-exploring this place.
 F = Levels seen in this place.
 G = Mean time per level.
                   A        B        C        D        E       F      G
               +--------+--------+--------+--------+--------+-----+--------+
         Total |   1577 |   1544 |     33 |    198 |   1042 |   2 |  788.5 |
       Dungeon |   1577 |   1544 |     33 |    198 |   1042 |   2 |  788.5 |
               +--------+--------+--------+--------+--------+-----+--------+

Top non-repeatable levels by time:
     D:1: 1096 daAuts
     D:2: 481 daAuts
